 Dungeon Crawl Stone Soup version 0.31-a0-435-g2c6fae2916 (webtiles) character file.

Game seed: 16781918133556549122

200 Ethylacetat the Changeling (level 5, 0/35 HPs)
             Began as an Octopode Shapeshifter on Aug 1, 2023.
             Slain by an orc wizard
             ... wielding a +0 dagger
              (4 damage)
             ... on level 3 of the Dungeon.
             The game lasted 00:02:39 (1739 turns).

Ethylacetat the Changeling (Octopode Shapeshifter)  Turns: 1739, Time: 00:02:40

Health: 0/35       AC:  1    Str: 14    XL:     5   Next: 78%
Magic:  5/5        EV: 13    Int: 10    God:
Gold:   3          SH:  0    Dex: 15    Spells: 4/4 levels left

rFire   . . .        q - +3 flail
rCold   . . .        (no shield)
rNeg    . . .        (helmet currently unavailable)
rPois   .            (no amulet)
rElec   .            (no ring)
rCorr   .            (no ring)
SInv    .            (no ring)
Will    .....        (no ring)
Stlth   ++           (no ring)
HPRegen 0.25/turn    (no ring)
MPRegen 0.09/turn    (no ring)
                     (no ring)

%: no passive effects
@: confused, beast-form
A: beast (slay +3), almost no armour, amphibious, 8 rings, camouflage 1,
gelatinous body 1, (nimble swimmer 1), tentacles
a: Begin Untransformation


You were on level 3 of the Dungeon.
You were a hulking beast.
You visited 1 branch of the dungeon, and saw 3 of its levels.

You collected 45 gold pieces.
You spent 42 gold pieces at shops.

Inventory:

Hand Weapons
 q - a +3 flail (weapon)
Talismans
 b - a beast talisman (active)
 o - a blade talisman
Scrolls
 c - 3 scrolls of noise {unknown}
 f - a scroll of fear {unknown}
 g - a scroll of poison {unknown}
 h - a scroll of enchant armour {unknown}
 i - a scroll of acquirement {unknown}
 j - a scroll of butterflies {unknown}
 k - a scroll of teleportation {unknown}
 m - a scroll of fog {unknown}
 n - a scroll of immolation {unknown}
 p - a scroll of identify {unknown}
 r - a scroll of enchant weapon {unknown}
Potions
 a - 2 potions of lignification
 d - 2 potions of curing
 e - a potion of brilliance {unknown}
 l - a potion of enlightenment {unknown}


   Skills:
 + Level 2.7 Fighting
 - Level 2.0 Dodging
 + Level 4.0 Unarmed Combat
 * Level 4.4 Shapeshifting


You had 4 spell levels left.
You didn't know any spells.
Your spell library was empty.

Dungeon Overview and Level Annotations

Branches:
Dungeon (3/15)

Altars:

Shops:
D:3 !


Innate Abilities, Weirdness & Mutations

You are a hulking beast.
Your limbs bulge with bestial killing power. (Slay +3)
You cannot wear most types of armour.
You are amphibious.
You can wear up to eight rings at the same time.
Your skin changes colour to match your surroundings (Stealth+).
Your rubbery body absorbs attacks. (AC +1, EV +1)
((You are camouflaged when in or above water. (Stealth+)))
You have tentacles for arms and can constrict up to eight enemies at once.


Message History

You are confused.
You are too confused!
You are too confused!
You are too confused!
You are too confused!
You miss the orc wizard.
The orc wizard is severely wounded.
The orc wizard casts a spell.
The orc wizard flickers and vanishes!
Deactivating autopickup; reactivate with Ctrl-A.
Something hits you.
A quokka comes into view.
You bump into the rock wall.
The orc barely misses you.
You're too confused to move!
The quokka bites you. The orc barely misses you.
You completely miss the orc. The quokka closely misses you.
The orc closely misses you. The quokka misses you.
You sock the orc!
You kill the orc!
You feel less confused. The quokka barely misses you. Something hits you.
The quokka bites you.
You completely miss something. Your squeeze misses something.
The quokka misses you. Something hits you.
You barely miss something. The quokka misses you.
You hear some strange, mumbled words.
You are confused.
The quokka bites you but does no damage.
You're too confused to move!
The orc wizard gestures at you while chanting.
The puff of flame hits something!
Reactivating autopickup.
You feel a bit more experienced. The quokka bites you.
Your Unarmed Combat skill increases to level 4!
The quokka attacks as you move away! The quokka closely misses you.
The orc wizard gestures at you while chanting.
The magic dart hits you!
* * * LOW HITPOINT WARNING * * *
Items here: )) [[.
You bump into the rock wall.
The quokka closely misses you.
The orc wizard hits you with a +0 dagger.
You die...

#.# #.# #.#
### ##<# ..#
...# #.# ####
#.# ## #o#
.## #o# ..#
#h# ..# #r#
...... #.#
..#### #.#
..# #####.#
#.# #.....#
.# #.#####
.##########.#
..........#


You could see an orc wizard, an orc and a quokka.

Vanquished Creatures
  A hound (D:3)
  An iguana (D:2)
  4 gnolls (D:3)
  3 adders
  A worm (D:2)
  3 dart slugs
  2 orcs (D:3)
  4 bats
  4 endoplasms
  4 giant cockroaches
  4 hobgoblins
  2 quokkas
  8 ball pythons
  5 frilled lizards
  3 goblins
  2 kobolds
  7 rats
58 creatures vanquished.

Vanquished Creatures (others)
  An orc wizard (D:3)
1 creature vanquished.

Grand Total: 59 creatures vanquished

Notes
Turn   | Place    | Note
-------+----------+-------------------------------------------
     0 | D:1      | Ethylacetat the Octopode Shapeshifter began the quest for
                  | the Orb.
     0 | D:1      | Reached XP level 1. HP: 13/13 MP: 1/1
   136 | D:1      | Reached XP level 2. HP: 7/18 MP: 2/2
   765 | D:2      | Reached XP level 3. HP: 18/23 MP: 3/3
   982 | D:2      | Reached XP level 4. HP: 25/29 MP: 4/4
   982 | D:2      | Found a faded altar of an unknown god.
  1503 | D:3      | Found Quont's Distillery.
  1513 | D:3      | Bought a potion of curing for 42 gold pieces
  1525 | D:3      | Reached XP level 5. HP: 24/35 MP: 5/5
  1739 | D:3      | Slain by an orc wizard

Illustrated notes

Levels and vault maps discovered:
D:1:      psy_arrival_radial02, layout_basic
D:2:      layout_basic, hellmonk_ecumenical_altar_lost_god, minmay_unequal
D:3:      layout_loops_ring, serial_shops, nicolae_shop_industrial_runoff,
          uniq_robin

Skill      XL: |  1  2  3  4  5 |
---------------+----------------+-----
Fighting       | 2 |  2.7
Shapeshifting  | 4 |  4.4
Unarmed Combat | 4 |  4.0
Dodging        | |  2.0

Action                     |  1- 3 |  4- 6 || total
---------------------------+-------+-------++-------
  Melee: Unarmed           |    56 |    38 ||    94
         Constrict         |    12 |    14 ||    26
         Tentacles         |     7 |     9 ||    16
         Punch             |     2 |     5 ||     7
         Flail             |       |    13 ||    13
   Stab: Sleeping          |     4 |     5 ||     9
 Armour: Skin              |     2 |     4 ||     6
  Dodge: Dodged            |    34 |    36 ||    70

Table legend: (Time is in decaauts)
 A = Elapsed time spent in this place.
 B = Non-inter-level travel time spent in this place.
 C = Inter-level travel time spent in this place.
 D = Time resting spent in this place.
 E = Time spent auto-exploring this place.
 F = Levels seen in this place.
 G = Mean time per level.
                   A        B        C        D        E       F      G
               +--------+--------+--------+--------+--------+-----+--------+
         Total |   1737 |   1701 |     36 |     83 |   1274 |   3 |  579.0 |
       Dungeon |   1737 |   1701 |     36 |     83 |   1274 |   3 |  579.0 |
               +--------+--------+--------+--------+--------+-----+--------+

Top non-repeatable levels by time:
     D:1: 741 daAuts
     D:2: 594 daAuts
     D:3: 401 daAuts
